 Dungeon Crawl Stone Soup version 0.30-a0-652-gcc886f7154 (webtiles) character file.

Game seed: 8519776306663372794

4 flotson the Sneak (level 1, 0/18 HPs)
             Began as a Demonspawn Delver on Jan 17, 2023.
             Slain by a hound (4 damage)
             ... on level 3 of the Dungeon.
             The game lasted 00:02:14 (161 turns).

flotson the Sneak (Demonspawn Delver)                Turns: 161, Time: 00:02:15

Health: 0/18       AC:  8    Str: 12    XL:     1   Next: 50%
Magic:  1/1        EV:  5    Int: 11    God:
Gold:   18         SH:  0    Dex: 14    Spells: 0/0 levels left

rFire   . . .      SeeInvis .    e - +0 flail
rCold   + . .      Faith    .    (no shield)
rNeg    . . .      Spirit   .    i - +0 chain mail
rPois   .          Reflect  .    (no helmet)
rElec   .          Harm     .    (no cloak)
rCorr   .          Rampage  .    (no gloves)
Will    .....      Clarity  +    (no boots) Stlth
                                 (no amulet)
HPRegen 0.23/turn                b - ring of protection from cold
MPRegen 0.07/turn                (no ring)

@: no status effects
A: clarity
a: no special abilities


You were on level 3 of the Dungeon.
You visited 1 branch of the dungeon, and saw 3 of its levels.

You collected 18 gold pieces.

Inventory:

Hand Weapons
 a - a +0 hand axe
 e - a +0 flail (weapon)
Armour
 i - a +0 chain mail (worn)
Jewellery
 b - a ring of protection from cold (left hand)
Wands
 g - a wand of digging (9)
Scrolls
 c - a scroll of fog
Potions
 h - a potion of curing {unknown}


   Skills:
 + Level 3.0 Fighting
 + Level 1.8 Axes
 + Level 0.1 Armour
 + Level 1.8 Dodging
 + Level 4.5 Stealth
 + Level 0.1 Evocations


You couldn't memorise any spells.
You didn't know any spells.
Your spell library was empty.

Dungeon Overview and Level Annotations

Branches:
Dungeon (5/15)             Temple (0/1) D:4

Altars:

Annotations:
D:3 Ijyb


Innate Abilities, Weirdness & Mutations

You possess an exceptional clarity of mind.


Message History

The hound bites you but does no damage. The hound attacks as you move away!
The hound bites you but does no damage. The hound attacks as you move away!
The hound bites you but does no damage.
Found a stone staircase leading up.
A goblin comes into view. It is wielding a +0 club.
The goblin shouts!
The hound attacks as you move away! The hound bites you but does no damage.
The hound attacks as you move away! The hound barely misses you.
There is a stone staircase leading up here.
The hound bites you. x2
You climb upwards.
You hear the sound of rushing water.
There is an entrance to a sewer on this level.
Hurry and find it before the portal rusts away!
There is a stone staircase leading down here.
Found 2 smoky ruby potions.
The hound barely misses you. The hound bites you but does no damage.
The hound attacks as you move away! The hound barely misses you.
The hound attacks as you move away! The hound bites you but does no damage.
The hound bites you.
Found a scroll labelled MEFO QEBOUMEOZ.
Your extra speed is starting to run out.
You closely miss the hound. The hound bites you but does no damage.
The hound bites you.
You barely miss the hound. The hound bites you.
You closely miss the hound. The hound bites you but does no damage.
You miss the hound.
You feel yourself slow down. The hound bites you. The hound barely misses you.
You hit the hound.
The hound is moderately wounded.
The hound bites you. The hound bites you but does no damage.
You hit the hound.
The hound is heavily wounded.
The hound bites you.
* * * LOW HITPOINT WARNING * * *
The hound bites you but does no damage.
It was a potion of mutation.
You feel extremely strange.
Your thoughts seem clearer.
The hound bites you.
You die...

###########
########.gBh@....#
#......#.###.###.#
#......#.###..#
#.. #........?..
#.. #.#########+#
#..##.# #!....#
#####....B#
..........+


You could see Ijyb, a hound and a giant cockroach.

Vanquished Creatures
  2 orcs (D:5)
2 creatures vanquished.

Notes
Turn   | Place    | Note
-------+----------+-------------------------------------------
     0 | D:5      | flotson the Demonspawn Delver began the quest for the Orb.
     0 | D:5      | Reached XP level 1. HP: 18/18 MP: 1/1
    23 | D:5      | Noticed an orc wizard
    29 | D:5      | Noticed an iguana
    91 | D:4      | Found a staircase to the Ecumenical Temple.
    96 | D:4      | Noticed a scorpion
   104 | D:4      | Noticed an ogre
   121 | D:4      | Noticed a hound
   136 | D:3      | Noticed Ijyb
   161 | D:3      | Gained mutation: You possess an exceptional clarity of
                  | mind. [potion of mutation]
   161 | D:3      | Slain by a hound

Illustrated notes

Levels and vault maps discovered:
D:3:      layout_loops_cross, portal_sewer_entry_f, minmay_pentangle, uniq_ijyb
D:4:      layout_basic, minmay_temple_entry_junction, chequers_big_river
D:5:      layout_loops_ring, mainiacjoe_overflow_boulevard, serial_shops, shop,
          minmay_shop_grid_forest, uniq_duvessa

Action                   || total
-------------------------++-------
Melee: Hand axe          ||     8
       Flail             ||     6
  Use: Scroll            ||     2
       Potion            ||     2
Armor: Chain mail        ||    14
       Leather armour    ||     1
Dodge: Dodged            ||     9

Table legend: (Time is in decaauts)
 A = Elapsed time spent in this place.
 B = Non-inter-level travel time spent in this place.
 C = Inter-level travel time spent in this place.
 D = Time resting spent in this place.
 E = Time spent auto-exploring this place.
 F = Levels seen in this place.
 G = Mean time per level.
                   A        B        C        D        E       F      G
               +--------+--------+--------+--------+--------+-----+--------+
         Total |    142 |    142 |      0 |      0 |     11 |   3 |   47.3 |
       Dungeon |    142 |    142 |      0 |      0 |     11 |   3 |   47.3 |
               +--------+--------+--------+--------+--------+-----+--------+

Top non-repeatable levels by time:
     D:5: 69 daAuts
     D:4: 54 daAuts
     D:3: 18 daAuts
